 Dungeon Crawl Stone Soup version 0.22-a0-224-g8cf3520 (webtiles) character file.

14392 Ghella the Blocker (level 12, -4/72 HPs)
             Began as a Gargoyle Fighter on Feb 19, 2018.
             Was an Elder of Ru.
             Slain by a spiny frog (11 damage)
             ... on level 2 of the Lair of Beasts.
             The game lasted 00:31:19 (15473 turns).

Ghella the Blocker (Gargoyle Fighter)              Turns: 15473, Time: 00:31:20

Health: -4/72      AC: 19    Str: 26    XL:     12   Next: 16%
Magic:  22/22      EV:  8    Int:  8    God:    Ru [****..]
Gold:   362        SH: 20    Dex: 11    Spells: 11/11 levels left

rFire    . . .     SeeInvis .   F - +6 hand axe "Ultimatum" {freeze, rN++}
rCold    . . .     Gourm    +   r - +0 large shield
rNeg     + + +     Faith    .   v - +2 ring mail "Penagih" {rPois Regen+}
rPois    ∞         Spirit   .   (no helmet)
rElec    +         Reflect  .   m - +0 cloak
rCorr    .         Harm     .   (no gloves)
MR       .....                  (no boots)
Stlth    ..........             d - amulet of the gourmand
HPRegen  0.62/turn              g - ring of magical power
MPRegen  0.18/turn              (no ring)

@: no status effects
A: thin skeletal structure 1, dopey 1, negative energy resistance 1, electricity
resistance, strong 1, unbreathing, petrification resistance, rot immunity, no
stealth, no earth magic, no necromancy magic, no translocations magic,
inexperienced 1, AC +8
a: Draw Out Power, Power Leap, Renounce Religion


You were on level 2 of the Lair of Beasts.
You worshipped Ru.
Ru was greatly pleased with you.
You were full.

You visited 3 branches of the dungeon, and saw 11 of its levels.

You collected 530 gold pieces.
You spent 168 gold pieces at shops.

Inventory:

Hand Weapons
 F - the +6 hand axe "Ultimatum" (weapon) {freeze, rN++}
   (You found it on level 2 of the Lair of Beasts)

   It has been specially enchanted to freeze those struck by it, causing extra
   injury to most foes and up to half again as much damage against particularly
   susceptible opponents.
   It can also slow down cold-blooded creatures.
   It greatly protects you from negative energy.
Armour
 b - the cursed +0 leather armour of Trial and Error {*Corrode Dex+4}
   (You bought it in a shop on level 8 of the Dungeon)

   It affects your dexterity (+4).
   It may corrode you when you take damage.
   It has a curse placed upon it.
 m - a +0 cloak (worn)
 n - a +0 plate armour
 r - a +0 large shield (worn)
 v - the +2 ring mail "Penagih" (worn) {rPois Regen+}
   (You found it on level 8 of the Dungeon)

   It protects you from poison.
   It increases your rate of regeneration.
 A - +0 ice dragon scales
Jewellery
 d - an amulet of the gourmand (around neck)
 g - a ring of magical power (left hand)
 o - a cursed ring of teleportation {unknown}
Wands
 k - a wand of paralysis (6)
 t - a wand of disintegration (13)
 D - a wand of iceblast (11)
 E - a wand of digging (9)
Scrolls
 e - 3 scrolls of amnesia
 j - 2 scrolls of magic mapping
 p - a scroll of random uselessness
 q - 2 scrolls of enchant armour
 s - 2 scrolls of enchant weapon
 u - a scroll of identify
 w - 3 scrolls of remove curse
 y - a scroll of summoning {unknown}
Potions
 c - a potion of flight {unknown}
 i - a potion of might
 l - a potion of curing
 x - a potion of cancellation {unknown}
 z - a potion of berserk rage {unknown}
 B - 2 potions of lignification {unknown}
 C - a potion of ambrosia {unknown}
Comestibles
 f - 14 rations


   Skills:
 + Level 7.3 Fighting
 * Level 1.9(6.4) Axes
   Level 10.5(10.6) Maces & Flails
 * Level 10.3 Armour
 - Level 0.7 Dodging
 + Level 13.4 Shields
 + Level 1.3 Evocations


You had 11 spell levels left.
You didn't know any spells.

Dungeon Overview and Level Annotations

Branches:
Dungeon (8/15)             Temple (1/1) D:4            Lair (2/6) D:8
  Swamp (0/4) Lair:2
  Snake: Lair:2-4    Spider: Lair:2-4

Altars:
Ashenzari
Cheibriados
Elyvilon
Fedhas
Gozag
Hepliaklqana
Kikubaaqudgha
Makhleb
Nemelex Xobeh
Okawaru
Qazlal
Ru
Sif Muna
Trog
Uskayaw
Vehumet
Wu Jian
Xom
Yredelemnul
Zin
The Shining One

Shops:
D:5 ?   D:6 *   D:8 [

Annotations:
D:3 4thArraOfDagon's ghost, amateur OpAM; Grinder; Sigmund
D:5 PeterMcNeter's ghost, novice DECj


Innate Abilities, Weirdness & Mutations

You are resistant to torment.
Your stone body is resilient. (AC +8)
You are immune to poison.
You are dopey. (Int -2)
You resist negative energy. (rN+)
You are resistant to electric shocks. (rElec)
You can survive without breathing.
You are immune to petrification.
You are immune to rotting.
You cannot be stealthy.
You cannot study or cast Earth magic.
You cannot study or cast Necromancy magic.
You cannot study or cast Translocations magic.
You are somewhat inexperienced. (-2 XL)
You have a somewhat thin skeletal structure. (Dex +2, Stealth)
Your muscles are strong. (Str +2)


Message History

* * * LOW HITPOINT WARNING * * *
You are too injured to fight recklessly!
You are too injured to fight recklessly!
Unknown command.
Okay, then.
Okay, then.
You block the spiny frog's attack.
You redirect the lindwurm's attack!
The lindwurm breathes flames at itself.
The blast of flame hits the lindwurm.
You block the spiny frog's attack.
There is a large open door here.
There is a large open door here.
You block the spiny frog's attack. The spiny frog stings you.
* * * LOW HITPOINT WARNING * * *
The lindwurm breathes flames at you. The blast of flame hits you!
* * * LOW HITPOINT WARNING * * *
You block the spiny frog's attack. The spiny frog stings you!
You die...

#8≈≈≈≈≈♣♣♣#..P♣#.......(........)
#≈≈≈≈P....'...P#.................
#≈≈≈......'....#......(..........
#≈≈.....PP♣....#................#
##≈.÷♣♣#####''##................#
#≈≈.......#♣.k♣##...............#
#≈P.P....≈#....♣#...............#
#≈..P...≈≈#P...F#...............#
#.......≈≈♣≈P...@................
♣....⌠..≈≈#≈≈...'...............#
♣.......≈≈#≈P...'...............P
#.......≈≈#≈...P#..............).
#....♣...≈#....8#.............♣..
#..t......#P.<.##..........♣♣♣...
#PP..##++#######...........♣.....
#PP......♣ #.................
.P.......P♣ #........♣♣.......


You could see a lindwurm and a spiny frog.

Vanquished Creatures
  Urug (Lair:1)
  An elephant (Lair:2)
  A black mamba (Lair:1)
  8 spiny frogs
  3 komodo dragons
  A hornet (Lair:2)
  A spriggan (D:8)
  18 yaks
  2 wyverns
  7 insubstantial wisps
  5 water moccasins
  5 porcupines
  An ice beast (D:7)
  2 ogres
  A sky beast (D:8)
  32 wolves
  A centaur (D:6)
  4 crocodiles
  4 bullfrogs
  3 scorpions
  6 killer bees
  An electric eel (Lair:1)
  3 howler monkeys
  3 crimson imps
  A quasit (D:6)
  2 orc priests
  A centaur skeleton (D:7)
  5 orc wizards
  A bullfrog skeleton (D:8)
  3 hounds
  3 jellies
  An iguana (D:4)
  8 worker ants
  A hound skeleton (D:6)
  A worker ant zombie (D:7)
  4 gnolls (D:7)
  3 adders
  A shadow imp (D:6)
  An adder zombie (D:5)
  An adder skeleton (D:8)
  3 leopard geckos
  13 orcs
  A ball python (D:3)
  3 bats (D:1)
  4 giant cockroaches
  8 hobgoblins
  7 jackals
  5 quokkas
  6 frilled lizards
  6 goblins
  6 kobolds
  A quokka skeleton (D:3)
  5 rats
219 creatures vanquished.

Vanquished Creatures (others)
  A hydra (Lair:2)
  A two-headed ogre (D:8)
  A water moccasin (Lair:1)
  A porcupine (Lair:2)
  A sky beast (D:7)
  A wolf (Lair:1)
  A quokka (D:6)
  3 fungi
  24 plants
34 creatures vanquished.

Grand Total: 253 creatures vanquished

Notes
Turn   | Place    | Note
-------+----------+-------------------------------------------
     0 | D:1      | Ghella the Gargoyle Fighter began the quest for the Orb.
     0 | D:1      | Reached XP level 1. HP: 14/14 MP: 1/1
   211 | D:1      | Reached XP level 2. HP: 19/19 MP: 2/2
   716 | D:1      | Reached XP level 3. HP: 23/23 MP: 3/3
  1262 | D:2      | Found a deep blue altar of Sif Muna.
  1262 | D:2      | Found an ancient bone altar of Kikubaaqudgha.
  1575 | D:3      | Reached skill level 4 in Shields
  2047 | D:3      | Found a sacrificial altar of Ru.
  2052 | D:3      | Noticed Sigmund
  2077 | D:2      | Reached XP level 4. HP: 23/28 MP: 4/4
  2183 | D:3      | Noticed 4thArraOfDagon's ghost (amateur OpAM)
  2268 | D:3      | Noticed Grinder
  2269 | D:3      | Paralysed by Grinder for 6 turns
  2730 | D:2      | Gained mutation: You occasionally shout uncontrollably at your foes. [potion of mutation]
  2730 | D:2      | Gained mutation: Your spells are a little harder to cast, but a little more powerful. [potion of mutation]
  2848 | D:3      | Became a worshipper of Ru the Awakened
  3013 | D:3      | Found a glowing silver altar of Zin.
  3066 | D:4      | Reached XP level 5. HP: 32/32 MP: 5/5
  3255 | D:4      | Found a staircase to the Ecumenical Temple.
  3261 | Temple   | Entered the Ecumenical Temple
  3505 | D:4      | Gained mutation: You are dopey. (Int -2) [Ru sacrifice]
  3991 | D:5      | Entered Level 5 of the Dungeon
  4356 | D:5      | Reached skill level 5 in Shields
  4356 | D:5      | Reached XP level 6. HP: 37/37 MP: 6/6
  4545 | D:5      | Found a bloodstained altar of Trog.
  4613 | D:5      | Noticed PeterMcNeter's ghost (novice DECj)
  4630 | D:5      | Found Gamoqu's Magic Scroll Emporium.
  4632 | D:5      | Noticed a hippogriff
  4632 | D:5      | Noticed a sky beast
  4697 | D:6      | Found Yptang's General Store.
  4735 | D:6      | Reached skill level 6 in Shields
  4735 | D:6      | Reached XP level 7. HP: 38/42 MP: 7/7
  5295 | D:6      | Reached skill level 5 in Armour
  5295 | D:6      | Reached skill level 7 in Shields
  5603 | D:6      | Reached XP level 8. HP: 43/48 MP: 8/8
  5890 | D:7      | Gained mutation: You are somewhat inexperienced. (-2 XL) [Ru sacrifice]
  5890 | D:7      | Reached XP level 7. HP: 42/42 MP: 16/16
  5890 | D:7      | Reached XP level 6. HP: 38/38 MP: 15/15
  5890 | D:7      | Reached * piety under Ru
  5890 | D:7      | Reached ** piety under Ru
  5929 | D:7      | Noticed an ice beast
  5946 | D:7      | Killed an ice beast
  5946 | D:7      | Reached skill level 5 in Maces & Flails
  6292 | D:7      | Reached skill level 8 in Shields
  6360 | D:7      | Noticed a sky beast
  6379 | D:7      | Killed a sky beast
  6379 | D:7      | Reached XP level 7. HP: 32/43 MP: 7/7
  6572 | D:7      | Found a snail-covered altar of Cheibriados.
  6997 | D:8      | Noticed a wyvern
  7004 | D:8      | Killed a wyvern
  7046 | D:8      | Reached XP level 8. HP: 33/48 MP: 8/8
  7055 | D:8      | Reached skill level 9 in Shields
  7458 | D:8      | Found a staircase to the Lair.
  7958 | D:8      | Found Kiaddeig's Antique Armour Emporium.
  7962 | D:8      | Bought a polished leather armour for 168 gold pieces
  7962 | D:8      | Identified the cursed +0 leather armour of Trial and Error {*Corrode Dex+4} (You bought it in a shop on level 8 of the Dungeon)
  8068 | D:8      | Noticed a spriggan baker
  8108 | D:8      | Killed a spriggan baker
  8108 | D:8      | Reached skill level 10 in Shields
  8139 | D:8      | Noticed a two-headed ogre
  8220 | D:7      | Reached XP level 9. HP: 15/52 MP: 9/9
  9172 | D:8      | Lost mutation: Your spells are a little harder to cast, but a little more powerful. [potion of mutation]
  9172 | D:8      | Lost mutation: You occasionally shout uncontrollably at your foes. [potion of mutation]
  9172 | D:8      | Gained mutation: You are somewhat resistant to further mutation. [potion of mutation]
  9173 | D:8      | Lost mutation: You are somewhat resistant to further mutation. [potion of mutation]
  9173 | D:8      | Gained mutation: Your muscles are strong. (Str +2) [potion of mutation]
  9173 | D:8      | Gained mutation: You have a somewhat thin skeletal structure. (Dex +2, Stealth) [potion of mutation]
  9256 | D:8      | Killed a two-headed ogre
  9256 | D:8      | Reached skill level 1 in Evocations
  9643 | D:8      | Got a spiked ring mail
  9654 | D:8      | Identified the +2 ring mail "Penagih" {rPois Regen+} (You found it on level 8 of the Dungeon)
  9672 | Lair:1   | Entered Level 1 of the Lair of Beasts
  9700 | Lair:1   | Gained mutation: You cannot study or cast Earth magic. [Ru sacrifice]
  9700 | Lair:1   | Gained mutation: You cannot study or cast Necromancy magic. [Ru sacrifice]
  9700 | Lair:1   | Gained mutation: You cannot study or cast Translocations magic. [Ru sacrifice]
  9700 | Lair:1   | Reached *** piety under Ru
  9727 | Lair:1   | Noticed a spiny frog
  9746 | Lair:1   | Killed a spiny frog
  9988 | Lair:1   | Reached skill level 5 in Fighting
  9988 | Lair:1   | Reached skill level 11 in Shields
 10170 | Lair:1   | Noticed a spiny frog
 10185 | Lair:1   | Killed a spiny frog
 10185 | Lair:1   | Reached XP level 10. HP: 54/59 MP: 11/11
 10641 | Lair:1   | Noticed a black mamba
 10659 | Lair:1   | Killed a black mamba
 10857 | Lair:1   | Noticed a spiny frog
 10865 | Lair:1   | Killed a spiny frog
 10997 | Lair:2   | Noticed a spiny frog
 11003 | Lair:2   | Killed a spiny frog
 11194 | Lair:2   | Noticed Urug
 11197 | Lair:2   | Noticed a five-headed hydra
 11242 | Lair:1   | Killed Urug
 11242 | Lair:1   | Reached XP level 11. HP: 18/64 MP: 12/12
 12276 | Lair:2   | Reached skill level 12 in Shields
 12432 | Lair:1   | Reached skill level 10 in Maces & Flails
 13147 | Lair:2   | Killed a five-headed hydra
 13723 | Lair:2   | Found a staircase to the Swamp.
 14112 | Lair:2   | Reached skill level 10 in Armour
 14134 | Lair:1   | Reached skill level 13 in Shields
 14588 | Lair:2   | Identified the +6 hand axe "Ultimatum" {freeze, rN++} (You found it on level 2 of the Lair of Beasts)
 14602 | Lair:2   | Gained mutation: You cannot be stealthy. [Ru sacrifice]
 14602 | Lair:2   | Reached **** piety under Ru
 14631 | Lair:2   | Reached XP level 12. HP: 61/72 MP: 13/13
 14882 | Lair:2   | Reached skill level 1 in Axes
 15473 | Lair:2   | Slain by a spiny frog

Vault maps used:
D:1:      evilmike_arrival_crescent
D:2:      gammafunk_temple_overflow_wave, kennysheep_big_empty_room
D:3:      grunt_dithmenos_smoke_and_mirrors, zin_scriptorium, first_ration,
          nicolae_ru_great_annihilating_truth, uniq_robin, uniq_sigmund,
          uniq_grinder
D:4:      lemuel_upstairs_altar, minmay_temple_entry_enclosed_plants
D:5:      bloody_trog, serial_shops, shop
D:6:      serial_shops, nicolae_shop_behind_doors, minmay_statues_item
D:7:      overflow_temple_1_default
D:8:      dpeg_oklobed_lair, serial_shops, shop, the_bakery,
          nicolae_two_hexagons
Temple:   regret_index_temple_generic_petals
Lair:1:   fungi_pond_lemuel
Lair:2:   cheibrodos_lair_overgrown_chateau, minmay_swamp_entry_wisps,
          grunt_forest_large_clearings, serial_bayou_shore_b,
          serial_bayou_shore_b, uniq_urug

Skill      XL: |  1  2  3  4  5  6  7  8  9 10 11 12 |
---------------+-------------------------------------+-----
Shields        | 4 5 8 7 10 11 13 | 13.4
Armour         | 4 5 6 8 9 10 | 10.3
Maces & Flails | 3 5 6 7 9 10 | 10.5
Fighting       | 4 5 6 7 |  7.3
Evocations     | 1 |  1.3
Axes           | 1 |  1.9
Dodging        | |  0.7

Action                   |  1- 3 |  4- 6 |  7- 9 | 10-12 || total
-------------------------+-------+-------+-------+-------++-------
Melee: Flail             |   181 |   214 |   609 |   699 ||  1703
       Hand axe          |       |       |       |    62 ||    62
Invok: Sacrifice Purity  |       |     1 |       |       ||     1
       Sacrifice Experie |       |     1 |       |       ||     1
       Sacrifice Arcana  |       |       |     1 |       ||     1
       Draw Out Power    |       |       |       |     2 ||     2
       Sacrifice Stealth |       |       |       |     1 ||     1
Evoke: Wand              |       |       |     6 |       ||     6
  Use: Scroll            |       |    13 |     4 |     3 ||    20
       Potion            |       |     2 |     7 |     2 ||    11
 Stab: Paralysed         |       |     2 |       |       ||     2
       Distracted        |       |       |     3 |     5 ||     8
       Invisible         |       |       |       |     2 ||     2
  Eat: Chunk             |     2 |     8 |    10 |    25 ||    45
       Ration            |       |     1 |     2 |       ||     3
Armor: Scale mail        |   101 |   105 |   166 |       ||   372
       Ice dragon scales |       |       |   117 |       ||   117
       Ring mail         |       |       |    15 |   262 ||   277
Dodge: Dodged            |    60 |    39 |   127 |   181 ||   407
Block: Shield            |    81 |       |       |       ||    81
       Large shield      |    47 |   171 |   592 |   805 ||  1615

Table legend:
 A = Spawn XP
 B = Non-spawn XP
 C = Spawn XP percentage of total XP
 D = Spawn monster count
 E = Non-spawn monster count
 F = Spawn count percentage of total count
 G = Total turns spent on level
                    A         B        C        D         E        F      G
               +---------+---------+-------+---------+---------+-------+---------
         Total |       0 |   21492 |   0.0 |       0 |     226 |   0.0 | 15473
               +---------+---------+-------+---------+---------+-------+---------
           D:1 |       0 |      35 |   0.0 |       0 |      25 |   0.0 |   926
           D:2 |       0 |      30 |   0.0 |       0 |       9 |   0.0 |  1329
           D:3 |       0 |      67 |   0.0 |       0 |       9 |   0.0 |   772
           D:4 |       0 |      76 |   0.0 |       0 |       5 |   0.0 |   754
           D:5 |       0 |     269 |   0.0 |       0 |      12 |   0.0 |   671
           D:6 |       0 |     748 |   0.0 |       0 |      26 |   0.0 |  1075
           D:7 |       0 |     845 |   0.0 |       0 |      20 |   0.0 |  2051
           D:8 |       0 |    2352 |   0.0 |       0 |      27 |   0.0 |  1884
        Lair:1 |       0 |   10230 |   0.0 |       0 |      61 |   0.0 |  4144
        Lair:2 |       0 |    6840 |   0.0 |       0 |      32 |   0.0 |  1657
               +---------+---------+-------+---------+---------+-------+---------
